 Dungeon Crawl Stone Soup version 0.31-a0-167-g1c394c0614 (webtiles) character file.

Game seed: 5337287735695473361

10 Anon1729 the Trooper (level 2, 23/27 HPs)
             Began as a Minotaur Monk on June 14, 2023.
             Was a Believer of Yredelemnul.
             Quit the game on level 1 of the Dungeon.
             The game lasted 00:00:17 (78 turns).

Anon1729 the Trooper (Minotaur Monk)                  Turns: 78, Time: 00:00:17

Health: 23/27      AC:  2    Str: 15    XL:     2   Next: 10%
Magic:  1/1        EV: 13    Int:  7    God:    Yredelemnul [**....]
Gold:   1          SH:  0    Dex: 12    Spells: 1/1 levels left

rFire   . . .        a - +0 short sword
rCold   . . .        d - orb {light}
rNeg    . . .        b - +0 robe
rPois   .            (helmet restricted)
rElec   .            (no cloak)
rCorr   .            (no gloves)
SInv    .            (no boots)
Will    .....        (no amulet)
Stlth   +            (no ring)
HPRegen 0.24/turn    (no ring)
MPRegen 0.07/turn

%: no passive effects
@: glowing
A: horns 2, retaliatory headbutt
a: Renounce Religion, Recall Undead Harvest, Dark Bargain


You were on level 1 of the Dungeon.
You worshipped Yredelemnul.
Yredelemnul was noncommittal.
You visited 1 branch of the dungeon, and saw 1 of its levels.

You collected 1 gold pieces.

Inventory:

Hand Weapons
 a - a +0 short sword (weapon)
Armour
 b - a +0 robe (worn)
 d - an orb of light (worn)
Scrolls
 e - a scroll of identify {unknown}
Potions
 c - a potion of ambrosia


   Skills:
 + Level 3.8 Fighting
 + Level 3.4 Short Blades
 + Level 0.7 Armour
 + Level 3.4 Dodging
 + Level 0.5 Invocations


You had one spell level left.
You didn't know any spells.
Your spell library was empty.

Dungeon Overview and Level Annotations

Branches:
Dungeon (1/15)

Altars:
Yredelemnul


Innate Abilities, Weirdness & Mutations

You have a pair of horns on your head.
You reflexively headbutt those who attack you in melee.


Message History

You kill the kobold!
The dead are walking!
The hobgoblin hits your jackal zombie.
You have reached level 2!
There are monsters nearby!
You swap places.
Your jackal zombie bites the hobgoblin but does no damage.
The ball python barely misses your kobold zombie.
The ball python grabs your kobold zombie.
The ball python constricts your kobold zombie.
The hobgoblin hits you.
You hit the hobgoblin. You headbutt the hobgoblin.
You kill the hobgoblin!
The dead are walking!
The ball python bites your kobold zombie.
The ball python constricts your kobold zombie.
Your bat zombie hits the ball python.
Your kobold zombie barely misses the ball python.
Your bat zombie barely misses the ball python.
Your bat zombie hits the ball python.
Your bat zombie closely misses the ball python.
Your bat zombie barely misses the ball python.
The ball python bites your kobold zombie.
The ball python constricts your kobold zombie.
Your bat zombie closely misses the ball python.
Your bat zombie misses the ball python.
Your kobold zombie closely misses the ball python.
Your kobold zombie is being constricted!
Your kobold zombie is being constricted!
Your kobold zombie is being constricted!
Your kobold zombie is being constricted!
Your kobold zombie is being constricted!
Your kobold zombie is being constricted!
Your kobold zombie is being constricted!
Your kobold zombie is being constricted!
Your kobold zombie is being constricted!
A ball python is nearby!
A ball python is nearby!
A ball python is nearby!
Unknown command.
Are you sure you want to abandon this character and quit the game? (Confirm with "yes".)

# ##....# ...# ###...#
#[.### ##..#.#####§.§§#
#).##.†.##§§_..###
).#..##...§......###
###†######.........#####
.....# ##.....ZZZ......
###..# #.......Z.Z.....
# .... #.......@ZZZ....
# .###. #.......ZZS.....
. [ #........Z........
... #....(.......#..# ..
##...........# ..
#.....>...... #
..............
...........#.#


You could see a ball python (ally target), 3 friendly bat zombies, a friendly
ball python zombie, 2 friendly adder zombies, 2 friendly jackal zombies, a
friendly giant cockroach zombie, a friendly hobgoblin zombie and a friendly
kobold zombie.

Vanquished Creatures
  A ball python (D:1)
  An endoplasm (D:1)
  A goblin (D:1)
  A hobgoblin (D:1)
  2 kobolds (D:1)
  2 frilled lizards (D:1)
  A rat (D:1)
9 creatures vanquished.

Notes
Turn   | Place    | Note
-------+----------+-------------------------------------------
     0 | D:1      | Anon1729 the Minotaur Monk began the quest for the Orb.
     0 | D:1      | Reached XP level 1. HP: 19/19 MP: 0/0
    64 | D:1      | Found a faded altar of an unknown god.
    70 | D:1      | Prayed at the altar of an unknown god.
    70 | D:1      | Became a worshipper of Yredelemnul the Dark
    70 | D:1      | Reached * piety under Yredelemnul
    70 | D:1      | Reached ** piety under Yredelemnul
    75 | D:1      | Reached XP level 2. HP: 25/27 MP: 1/1
    78 | D:1      | Quit the game

Illustrated notes

Levels and vault maps discovered:
D:1:      spicycebolla_green_bress_n_ham_2, layout_rooms,
          ebering_ecumenical_altar_mist, serial_shops, nicolae_shop_hallway_plus

Action                     || total
---------------------------++-------
  Melee: Short sword       ||    12
         Headbutt          ||     2
 Armour: Robe              ||     1
  Dodge: Dodged            ||     4

Table legend: (Time is in decaauts)
 A = Elapsed time spent in this place.
 B = Non-inter-level travel time spent in this place.
 C = Inter-level travel time spent in this place.
 D = Time resting spent in this place.
 E = Time spent auto-exploring this place.
 F = Levels seen in this place.
 G = Mean time per level.
                   A        B        C        D        E       F      G
               +--------+--------+--------+--------+--------+-----+--------+
         Total |     75 |     75 |      0 |      0 |     42 |   1 |   75.0 |
       Dungeon |     75 |     75 |      0 |      0 |     42 |   1 |   75.0 |
               +--------+--------+--------+--------+--------+-----+--------+

Top non-repeatable levels by time:
     D:1: 75 daAuts
